Map: [ESL] Inside and Out

Players

Aristori - Winner!

  • Race: Zerg Zerg
  • Spawn Location: 7:00

Control

  • Race: Terran Terran
  • Spawn Location: 1:00

Event: DreamHack SC2 Masters 2022 Valencia

VOD

Have the link to the VOD?

Description

Time

  • Played on: July 1, 2022, 7:27 a.m.
  • Length: 13:24

All games in this series

Show
View Real Time Build Order
Export as new Build Order

Aristori Zerg - Winner!

Build Orders: Hatch First 

Get SALT Encoding   

  12  0:00  Drone  
  13  0:12  Overlord  
  13  0:16  Drone  
  14  0:30  Drone x2  
  16  0:47  Hatchery  
  15  0:50  Drone  
  15  0:54  Drone  
  17  0:58  Drone  
  18  1:09  Extractor  
  17  1:13  Spawning Pool  
  17  1:16  Drone  
  17  1:19  Drone  
  18  1:28  Drone  
  19  1:38  Drone  
  20  1:49  Overlord  
  20  1:59  Queen  
  20  2:00  Queen, Zergling x2  
  20  2:01  Zergling x2  
  26  2:12  Drone x2  
  26  2:13  Metabolic Boost  
  28  2:22  Drone x2  
  30  2:35  Hatchery  
  29  2:39  Drone x2  
  31  2:45  Queen  
  33  2:51  Overlord  
  33  2:54  Drone  
  33  2:55  Drone  
  33  2:58  Drone  
  36  3:06  Overlord  
  35  3:13  Zergling x8  
  35  3:19  Zergling x2  
  40  3:22  Queen  
  40  3:24  Zergling x2  
  43  3:27  Zergling x2  
  44  3:36  Drone x2  
  46  3:41  Overlord  
  46  3:46  Drone x2  
  48  3:51  Zergling x6  
  48  3:55  Drone x3  
  54  4:01  Drone x2  
  56  4:07  Drone  
  56  4:08  Queen  
  54  4:11  Drone x5  
  54  4:15  Overlord  
  58  4:23  Overlord  
  58  4:24  Drone x2  
  60  4:34  Overlord  
  60  4:37  Drone x5  
  65  4:43  Hatchery  
  64  4:47  Drone x5  
  69  4:52  Extractor  
  68  5:02  Drone x5  
  68  5:03  Baneling Nest  
  68  5:06  Spore Crawler x2  
  70  5:07  Spore Crawler  
  70  5:10  Drone  
  70  5:11  Drone x2  
  72  5:15  Lair  
  72  5:20  Drone  
  72  5:21  Drone x6  
  79  5:24  Extractor x2  
  79  5:26  Zergling x6  
  80  5:29  Overlord x2  
  80  5:37  Zergling x6  
  83  5:42  Queen  
  83  5:45  Zergling x6  
  88  5:52  Zergling x12  
  88  5:55  Overlord  
  88  5:57  Queen  
  96  6:07  Drone x4  
  96  6:08  Queen, Evolution Chamber x2, Drone x4  
  104  6:14  Centrifugal Hooks  
  104  6:15  Baneling  
  104  6:16  Baneling x7  
  104  6:23  Extractor  
  103  6:26  Zergling x2  
  103  6:27  Zergling x16  
  111  6:36  Zerg Melee Weapons Level 1, Zerg Ground Armor Level 1  
  111  6:41  Overlord x4  
  111  6:45  Baneling x4  
  111  6:50  Overlord x5  
  111  6:52  Baneling x2  
  111  6:54  Baneling  
  111  6:58  Zergling x2  
  111  7:01  Overlord x2  
  112  7:05  Drone x9  
  117  7:17  Queen  
  117  7:18  Drone x4  
  123  7:30  Drone x4  
  123  7:33  Zergling x10  
  123  7:34  Zergling x6  
  135  7:38  Hatchery  
  135  7:42  Overlord  
  134  7:44  Overlord, Hatchery  
  134  7:47  Zergling x4  
  134  7:48  Baneling  
  134  7:49  Baneling x5  
  134  7:50  Overseer  
  135  7:54  Spore Crawler x2  
  135  7:55  Spore Crawler  
  135  7:58  Zergling x20  
  142  8:08  Zergling x10  
  142  8:10  Overlord x2  
  147  8:19  Zergling x10  
  147  8:28  Zergling x18  
  147  8:30  Hydralisk Den  
  147  8:32  Infestation Pit  
  147  8:33  Baneling x7  
  153  8:34  Pneumatized Carapace  
  153  8:35  Overseer  
  153  8:36  Overseer x2  
  153  8:37  Overseer x2  
  153  8:39  Baneling x7  
  153  8:40  Baneling x2  
  154  8:41  Zergling x14  
  160  8:50  Zergling x10  
  160  8:55  Queen  
  165  8:58  Zerg Ground Armor Level 2  
  165  9:02  Extractor  
  166  9:03  Extractor, Drone x3  
  166  9:04  Drone x3  
  166  9:05  Drone x7  
  166  9:09  Overlord  
  178  9:14  Grooved Spines  
  170  9:24  Zergling x38  
  157  9:39  Drone  
  157  9:40  Drone x7  
  165  9:56  Spore Crawler  
  165  9:57  Spore Crawler  
  165  9:58  Spore Crawler  
  162  10:00  Hive  
  162  10:01  Hydralisk x3  
  162  10:02  Hydralisk x7  
  162  10:03  Hydralisk x2  
  186  10:08  Baneling x3  
  184  10:17  Overlord x2  
  184  10:19  Overlord  
  182  10:23  Baneling x9  
  182  10:29  Overlord  
  182  10:35  Overlord  
  182  10:40  Zergling x32  
  182  10:41  Zergling x4  
  200  10:43  Hatchery  
  200  10:44  Baneling  
  200  10:45  Overlord, Baneling x7  
  200  10:47  Overlord  
  198  11:04  Zergling x2  
  198  11:07  Baneling  
  198  11:08  Baneling x21  
  162  11:31  Zergling x2  
  162  11:32  Zergling x36  
  149  11:33  Zergling x14  
  149  11:34  Zergling x28  
  163  11:45  Zergling x6  
  163  11:46  Zergling x4  
  161  11:52  Baneling x8  
  161  11:53  Baneling x10  
  156  11:56  Hatchery  
  156  12:00  Zergling x2  
  156  12:01  Zergling x26  
  152  12:03  Baneling x14  
  148  12:10  Zergling x8  
  148  12:12  Overlord  
  144  12:17  Zergling x2  
  144  12:18  Zergling x2  
  144  12:20  Queen  
  141  12:32  Zergling x20  
  148  12:42  Hatchery  
  147  12:44  Zergling x22  
  134  12:59  Zergling x24  
  134  13:00  Zergling x4  
  134  13:01  Baneling x2  
  134  13:02  Baneling x2  
Show
View Real Time Build Order
Export as new Build Order

Control Terran 

Build Orders: Command Center First (CC) 

Get SALT Encoding   

  12  0:00  SCV  
  13  0:12  SCV  
  14  0:20  Supply Depot  
  14  0:24  SCV  
  15  0:41  SCV  
  16  0:53  SCV  
  17  1:00  Command Center  
  17  1:05  SCV  
  18  1:14  Barracks  
  18  1:20  Refinery  
  18  1:22  SCV  
  19  1:31  Refinery  
  19  1:40  Barracks  
  19  1:42  SCV  
  20  1:54  SCV  
  21  2:02  Barracks Reactor  
  21  2:08  Orbital Command  
  21  2:16  Orbital Command  
  21  2:28  Barracks Tech Lab  
  21  2:33  SCV  
  22  2:42  SCV, Marine x2  
  25  2:45  Stimpack  
  25  2:46  SCV, Marine  
  27  2:55  Factory  
  27  2:56  SCV  
  28  3:01  Marine  
  28  3:02  SCV, Marine  
  31  3:08  Marine  
  31  3:09  SCV  
  33  3:14  Supply Depot  
  33  3:17  SCV  
  34  3:21  SCV, Marine x2  
  37  3:29  SCV  
  37  3:30  Supply Depot  
  38  3:35  Marine  
  38  3:36  SCV  
  38  3:41  SCV, Supply Depot  
  40  3:42  Starport  
  40  3:44  Factory Reactor  
  40  3:48  SCV, Marine  
  43  3:51  Marine  
  43  3:53  Marine  
  41  4:06  Marine  
  41  4:09  SCV, Marine  
  44  4:11  Marine  
  44  4:12  SCV  
  46  4:21  SCV, Supply Depot  
  46  4:24  Reaper  
  48  4:27  Combat Shield  
  48  4:28  SCV  
  48  4:30  Marine x2  
  51  4:33  Medivac  
  51  4:34  Medivac  
  51  4:37  Widow Mine  
  51  4:38  SCV  
  58  4:40  SCV  
  59  4:50  SCV  
  60  4:54  Command Center  
  60  4:59  Supply Depot  
  60  5:01  Factory Tech Lab  
  60  5:02  Marine x2  
  60  5:04  SCV x2  
  64  5:15  Marine  
  64  5:16  SCV x2  
  64  5:20  Barracks, Marine  
  64  5:21  Siege Tank  
  71  5:22  Marine  
  71  5:25  Supply Depot  
  71  5:27  Starport Reactor  
  72  5:28  SCV  
  72  5:29  SCV  
  72  5:32  Supply Depot  
  72  5:33  Marine  
  75  5:38  Marine  
  75  5:40  SCV, Marine  
  78  5:46  SCV  
  79  5:51  Marine  
  79  5:54  SCV  
  79  5:56  Marine  
  82  5:57  Siege Tank  
  82  5:58  SCV  
  82  6:00  Engineering Bay x2  
  82  6:01  Refinery  
  82  6:03  Refinery, Marine  
  82  6:04  Supply Depot  
  87  6:06  SCV  
  88  6:12  Marine x2  
  88  6:13  SCV  
  88  6:18  SCV  
  92  6:21  Marine  
  92  6:25  SCV  
  94  6:26  Barracks  
  94  6:27  Barracks, Marine x2  
  94  6:31  SCV  
  97  6:34  Terran Infantry Weapons Level 1  
  97  6:37  SCV  
  97  6:38  Marine  
  99  6:43  SCV  
  99  6:46  Orbital Command  
  100  6:48  Marine  
  100  6:49  SCV  
  100  6:51  Supply Depot  
  100  6:53  Marine  
  103  6:55  SCV  
  104  7:01  SCV  
  104  7:06  Medivac x2, Marine  
  104  7:07  SCV  
  110  7:12  Siege Tank  
  110  7:13  SCV, Supply Depot  
  110  7:15  Supply Depot  
  104  7:17  Terran Infantry Armor Level 1  
  104  7:19  SCV, Barracks Reactor x2  
  104  7:20  SCV  
  106  7:23  Marine  
  106  7:24  Marine x2  
  106  7:25  SCV  
  106  7:27  Supply Depot  
  110  7:31  SCV  
  110  7:32  SCV, Supply Depot  
  110  7:33  Marine x2  
  114  7:37  SCV  
  114  7:41  Supply Depot, Marine  
  114  7:42  Supply Depot  
  114  7:43  Marine  
  114  7:44  SCV x2, Medivac x2  
  123  7:45  Sensor Tower  
  123  7:48  Siege Tank  
  123  7:50  SCV  
  127  7:52  Factory  
  127  7:53  Marine  
  127  7:54  Marine  
  127  7:56  SCV  
  130  7:58  Armory  
  130  7:59  Supply Depot  
  130  8:01  Refinery, SCV  
  130  8:02  Refinery  
  130  8:04  Marine x2  
  133  8:06  SCV  
  133  8:08  SCV  
  133  8:12  Marine  
  136  8:19  SCV x2  
  136  8:20  Siege Tank  
  136  8:21  SCV  
  136  8:22  Medivac  
  136  8:23  Marine x3  
  145  8:31  SCV x2  
  145  8:33  SCV, Marine  
  145  8:34  Marine  
  150  8:43  SCV x2  
  150  8:45  SCV, Supply Depot, Command Center  
  150  8:47  Supply Depot  
  150  8:48  Marine  
  153  8:50  Marine x2  
  153  8:51  Marine  
  153  8:52  Siege Tank  
  160  8:55  Marine  
  160  8:56  Marine  
  160  8:58  Marine x3  
  160  9:01  Factory Tech Lab  
  160  9:02  Terran Infantry Weapons Level 2  
  165  9:06  Marine  
  165  9:08  Marine x2  
  165  9:09  Marine  
  169  9:13  Marine x2  
  165  9:19  Marine, Medivac x2  
  157  9:24  Siege Tank  
  157  9:26  Siege Tank, Marine  
  157  9:30  Marine x2  
  154  9:33  Marine x2  
  154  9:34  Marine  
  154  9:36  Marine  
  149  9:40  Marine  
  149  9:43  Marine  
  149  9:44  Terran Infantry Armor Level 2  
  149  9:45  Marine  
  152  9:48  Marine  
  152  9:50  Barracks, Marine  
  152  9:51  Barracks  
  152  9:52  Barracks, Marine x2  
  154  9:54  Liberator  
  154  9:55  Marine  
  154  9:56  Siege Tank, Marine  
  154  9:58  Siege Tank  
  154  9:59  Marine  
  166  10:01  Marine  
  166  10:03  Marine  
  166  10:05  Marine  
  169  10:08  Marine  
  169  10:15  Marine x2  
  169  10:17  Marine x3  
  164  10:23  Marine  
  164  10:24  Ghost Academy  
  164  10:27  Marine  
  164  10:28  Siege Tank, Marine, Starport  
  167  10:29  Fusion Core  
  167  10:30  Siege Tank  
  167  10:31  Marine  
  174  10:38  Barracks Tech Lab  
  174  10:39  Barracks Tech Lab  
  174  10:41  Barracks Reactor  
  174  10:44  Marine  
  174  10:45  Missile Turret  
  174  10:48  Marine  
  178  10:50  Barracks Reactor, Marauder  
  178  10:58  Terran Vehicle Weapons Level 1  
  178  11:00  Marine  
  178  11:01  Siege Tank, Marauder  
  178  11:02  Siege Tank, Marine, Marauder  
  178  11:04  Medivac  
  194  11:11  Marauder  
  194  11:12  Marine x2  
  194  11:15  Marine  
  194  11:17  Marine  
  194  11:18  Marine  
  171  11:20  Marine  
  171  11:24  Marine  
  171  11:25  Marauder  
  158  11:32  Marine x2  
  133  11:33  Siege Tank, Marauder x2  
  133  11:35  Siege Tank  
  133  11:39  Marine x2  
  134  11:40  Marine  
  134  11:41  Marine  
  134  11:44  Marine  
  134  11:46  Marauder  
  129  11:49  Marine x2  
  129  11:50  Marine  
  129  11:52  Marine  
  116  11:54  Marauder x2  
  96  12:02  Marine x4  
  96  12:05  Siege Tank  
  96  12:07  Siege Tank  
  96  12:08  Marauder  
  103  12:13  Marine x2  
  103  12:15  Marine x2  
  103  12:18  SCV  
  103  12:25  SCV  
  103  12:26  SCV  
  105  12:30  SCV  
  106  12:39  SCV  
  106  12:43  Marine  
  108  12:46  Barracks Reactor  
  108  12:56  Marine  
  108  12:57  Marauder  
  94  12:58  Marine  
  94  12:59  Marine  
  94  13:05  Marine  
  96  13:09  SCV  

Tags
 
Add a new tag
Caveats
  • Supply blocks, unpowered buildings, or Contaminate may cause inaccurate times.
  • Supply counts are checked every 10 seconds.